AoeStats
← Turco Bain

Arabia

508034696Analyzed
1v1 RM · 12d ago on Sep 20, 2026· 41m 7s· 2 players
Game mode
Random Map
Map size
Tiny (2 player)
Population
200
Speed
Normal
Resources
Standard
Victory
Conquest
Starting age
Dark Age
Ending age
Imperial Age
RankedLock teamsTeams togetherTeam positionsShared explorationLock speedFull tech treeHidden civsTurbo modeCheats
Victory
Defeat
🇦🇷 Lithuanians · Argentina
1304
+17
🇷🇸 Magyars · Serbia
1315
-17
Destreza
7:00 Loom
9:21 Feudal Age
10:20 Double-Bit Axe
11:58 Horse Collar
20:15 Castle Age
19:16 Bloodlines
20:05 Gold Mining
24:16 Forging
24:21 Heavy Plow
31:09 Wheelbarrow
31:44 Bow Saw
31:52 Town Watch
32:14 Scale Barding Armor
34:13 Husbandry
40:52 Imperial Age
39:29 Chain Barding Armor
39:45 Iron Casting
39:02 Stone Mining
41:17 Hand Cart
40:59 Cavalier
Turco Bain
6:32 Loom
9:23 Feudal Age
9:57 Double-Bit Axe
10:12 Horse Collar
18:06 Wheelbarrow
17:44 Scale Barding Armor
19:09 Bloodlines
23:49 Castle Age
22:54 Gold Mining
23:53 Light Cavalry
25:07 Bow Saw
25:33 Chain Barding Armor
27:36 Town Watch
33:26 Husbandry
34:57 Heavy Plow
35:22 Sanctity
35:13 Fervor
35:51 Devotion
37:49 Herbal Medicine
40:47 Hand Cart
41:19 Fletching
Connection lost

Rejoining the realm…

Still unreachable

The connection could not be restored.

Session expired

The server has moved on; the page needs a fresh start.